 Dungeon Crawl Stone Soup version 0.22-a0-833-g8522bf8 (webtiles) character file.

70483 Amnesiac the Earth Mage (level 14, -4/95 HPs)
             Began as a Mummy Earth Elementalist on July 25, 2018.
             Was a High Priest of Vehumet.
             Slain by a scimitar of slicing (7 damage)
             ... on level 2 of the Elven Halls.
             The game lasted 00:54:39 (24533 turns).

Amnesiac the Earth Mage (Mummy Earth Elementalist) Turns: 24533, Time: 00:54:40

Health: -4/95      AC: 16    Str: 11    XL:     14   Next: 94%
Magic:  24/33      EV:  2    Int: 38    God:    Vehumet [*****.]
Gold:   392        SH:  0    Dex: 14    Spells: 4/44 levels left

rFire    . . .     SeeInvis .   b - +7 hand axe of Makhleb's Delight {protect, rC+ Int+6}
rCold    + + .     Gourm    .   y - +0 buckler
rNeg     + + +     Faith    .   C - +1 leather armour of the Journeyman {rElec MR+ Int+8 Stlth-}
rPois    ∞         Spirit   .   h - +2 helmet
rElec    +         Reflect  +   q - +2 cloak {MR+}
rCorr    .         Harm     .   v - +2 pair of gloves
MR       +++..                  L - +2 pair of boots of the Tuna {rN+}
Stlth    ..........             m - +4 amulet of reflection
HPRegen  0.25/turn              H - +6 ring of intelligence
MPRegen  0.23/turn              G - ring of the Philosopher {rF+ Slay+2 Stlth-}

@: petrified, slightly contaminated
A: no food or potions, fire vulnerability, cold resistance 1, negative energy
resistance 3, torment resistance, unbreathing, in touch with death 1
a: Renounce Religion


You were on level 2 of the Elven Halls.
You worshipped Vehumet.
Vehumet was extremely pleased with you.
You were not hungry.

You visited 5 branches of the dungeon, and saw 18 of its levels.
You also visited: Labyrinth, Sewer, Ossuary and Ice Cave.

You collected 1997 gold pieces.
You spent 1605 gold pieces at shops.

Inventory:

Hand Weapons
 b - the +7 hand axe of Makhleb's Delight (weapon) {protect, rC+ Int+6}
   (You found it in a labyrinth)

   It protects the one who uses it against injury (+AC on strike).
   It affects your intelligence (+6).
   It protects you from cold.
Missiles
 g - 2 curare-tipped needles
 j - 269 arrows
 k - 413 stones (quivered)
Armour
 c - a +2 robe of resistance
 d - a +2 robe of the Archmagi
 h - a +2 helmet (worn)
 q - a +2 cloak of magic resistance (worn)
 v - a +2 pair of gloves (worn)
 y - a +0 buckler (worn)
 C - the +1 leather armour of the Journeyman (worn) {rElec MR+ Int+8 Stlth-}
   (You found it in a labyrinth)

   It affects your intelligence (+8).
   It insulates you from electricity.
   It affects your resistance to hostile enchantments.
   It makes you less stealthy.
 L - the +2 pair of boots of the Tuna (worn) {rN+}
   (You found it in an ice cave)

   It protects you from negative energy.
Magical Staves
 a - an uncursed staff of earth
Jewellery
 i - an uncursed ring of flight
 m - a +4 amulet of reflection (around neck)
 G - the ring of the Philosopher (right hand) {rF+ Slay+2 Stlth-}
   (You bought it in a shop on level 2 of the Orcish Mines)

   [ring of attention]

   It affects your accuracy and damage with ranged weapons and melee attacks
   (+2).
   It protects you from fire.
   It makes you less stealthy.
 H - a +6 ring of intelligence (left hand)
Wands
 n - a wand of enslavement (19)
 o - a wand of flame (24)
 t - a wand of digging (27)
 x - a wand of scattershot (4)
 z - a wand of random effects (30)
 A - a wand of acid (1)
 E - a wand of disintegration (13)
 M - a wand of iceblast (11)
Scrolls
 e - 7 scrolls of remove curse {!r}
 f - 5 scrolls of teleportation {!r}
 l - 2 scrolls of magic mapping {!r}
 r - 5 scrolls of amnesia {!r}
 s - 2 scrolls of fear {!r}
 u - 10 scrolls of identify {!r}
 w - 2 scrolls of fog {!r}
 B - 3 scrolls of enchant armour {!r}
 F - a scroll of blinking {!r}
Miscellaneous
 D - a lamp of fire


   Skills:
 - Level 4.0 Fighting
 - Level 4.0 Dodging
 - Level 1.5 Stealth
 - Level 4.0 Shields
 + Level 15.9 Spellcasting
 - Level 4.1 Conjurations
 - Level 4.2 Transmutations
 * Level 16.1 Earth Magic
 - Level 4.0 Evocations


You had 4 spell levels left.
You knew the following spells:

 Your Spells              Type           Power        Failure   Level  Hunger
a - Iron Shot             Conj/Erth      #######...   1%          6    N/A
b - Passwall              Tmut/Erth      #######.     1%          2    N/A
c - Stone Arrow           Conj/Erth      ######       1%          3    N/A
d - Lee's Rapid Deconstr  Erth           ########..   1%          5    N/A
e - Petrify               Tmut/Erth      #######.     1%          4    N/A
f - Sticks to Snakes      Tmut           ######..     1%          2    N/A
g - Sandblast             Erth           ######       0%          1    N/A
h - Shatter               Erth           ########..   43%         9    N/A
i - Yara's Violent Unrav  Hex/Tmut       #####.....   4%          5    N/A
s - Conjure Flame         Conj/Fire      #####...     1%          3    N/A

Your spell library contained the following spells:

 Spells                   Type           Power        Failure   Level  Hunger
 Fireball                 Conj/Fire      #####.....   4%          5    N/A
 Bolt of Magma            Conj/Fire/Erth ######....   1%          5    N/A
 Throw Flame              Conj/Fire      #####.       1%          2    N/A
 Animate Dead             Necr           N/A          14%         4    N/A
 Pain                     Necr           ####         1%          1    N/A
 Animate Skeleton         Necr           N/A          1%          1    N/A
 Vampiric Draining        Necr           #####.....   4%          3    N/A
 Sticky Flame             Conj/Fire      #####...     1%          4    N/A
 Regeneration             Chrm/Necr      #####.....   4%          3    N/A
 Spider Form              Tmut/Pois      #####.....   1%          3    N/A
 Blade Hands              Tmut           ######....   7%          5    N/A
 Statue Form              Tmut/Erth      #######..    3%          6    N/A
 Ice Form                 Ice/Tmut       #####...     6%          4    N/A
 Flame Tongue             Conj/Fire      #####        1%          1    N/A
 Leda's Liquefaction      Hex/Erth       #######...   1%          4    N/A
 Inner Flame              Hex/Fire       ####....     1%          3    N/A
 Beastly Appendage        Tmut           ######       1%          1    N/A

Dungeon Overview and Level Annotations

Branches:
Dungeon (12/15)            Temple (1/1) D:6            Lair (1/6) D:11
    Orc (2/2) D:12            Elf (2/3) Orc:2

Altars:
Ashenzari
Cheibriados
Dithmenos
Elyvilon
Fedhas
Gozag
Hepliaklqana
Kikubaaqudgha
Makhleb
Nemelex Xobeh
Okawaru
Qazlal
Ru
Sif Muna
Trog
Uskayaw
Vehumet
Wu Jian
Xom
Yredelemnul
Zin
The Shining One
Beogh

Shops:
D:9 [   Orc:2 ?=?(

Annotations:
D:10 exclusion: downstairs


Innate Abilities, Weirdness & Mutations

You do not eat or drink.
Your flesh is vulnerable to fire.
You are immune to poison.
Your flesh is cold resistant. (rC+)
You are immune to negative energy. (rN+++)
You are immune to unholy pain and torment.
You can survive without breathing.
You are in touch with the powers of death.


Message History

The deep elf mage mumbles some strange words.
The falchion hits you but does no damage.
Really read
f - 6 scrolls of teleportation {!r}?
As you read the scroll of teleportation {!r}, it crumbles to dust.
You feel strangely unstable.
A vortex of raging winds appears around the air elemental!
The falchion hits you but does no damage.
The deep elf mage hits you but does no damage.
The falchion barely misses you.
The deep elf mage hits you but does no damage.
Your limbs are stiffening.
Unknown command.
Your surroundings suddenly seem different.
A deep elf knight comes into view. It is wielding a scimitar.
The deep elf knight shouts!
A deep elf mage comes into view. It is wielding a long sword.
The deep elf knight casts a spell.
The deep elf knight seems to speed up.
A scimitar of holy wrath comes into view.
You have turned to stone.
A deep elf knight comes into view. It is wielding a scimitar.
The deep elf knight shouts!
A scimitar of slicing comes into view.
A scimitar of slicing comes into view.
The deep elf knight hits you with a scimitar!
The deep elf mage casts a spell at you. The bolt of lightning hits you!
You resist. The scimitar of holy wrath hits you!
You convulse!
The deep elf knight hits you with a scimitar.
The scimitar of holy wrath hits you!
You convulse!
The deep elf knight hits you with a scimitar!
The scimitar of holy wrath hits you!
You convulse!
A deep elf knight comes into view. It is wielding a long sword.
The deep elf mage hits you but does no damage.
The deep elf knight hits you with a scimitar!
* * * LOW HITPOINT WARNING * * *
The scimitar of holy wrath hits you!
* * * LOW HITPOINT WARNING * * *
You convulse!
* * * LOW HITPOINT WARNING * * *
The scimitar of slicing hits you but does no damage.
The deep elf knight hits you with a scimitar.
* * * LOW HITPOINT WARNING * * *
A deep elf knight comes into view.
The scimitar of holy wrath hits you but does no damage.
The deep elf mage hits you with a long sword.
* * * LOW HITPOINT WARNING * * *
The scimitar of slicing hits you.
* * * LOW HITPOINT WARNING * * *
The deep elf knight casts a spell.
The deep elf knight seems to speed up.
The deep elf knight moves out of view.
The deep elf knight casts a spell at you.
Helpless, you fail to dodge the stone arrow.
* * * LOW HITPOINT WARNING * * *
The scimitar of holy wrath hits you but does no damage.
The scimitar of slicing hits you!
* * * LOW HITPOINT WARNING * * *
x2 The deep elf mage hits you but does no damage.
The scimitar of holy wrath hits you!
* * * LOW HITPOINT WARNING * * *
You convulse.
* * * LOW HITPOINT WARNING * * *
The scimitar of slicing hits you!
You die...

..........#...
.............
............
...........
..........
#.........
##(e.......
#e.@.......
...e..(e.......
.......(.......
...............
..........##...
#.......### ..
##.....## .
......


You could see 3 deep elf knights, a deep elf mage and 3 dancing weapons.

Vanquished Creatures
  Rupert (Orc:2)
  An Ice Fiend (IceCv)
  Roxanne (Elf:1)
  A deep elf demonologist (Elf:1)
  The ghost of lurker the Blocker, a journeyman GnFi of Okawaru (D:12)
  Erolcha (D:12)
  Harold (Orc:1)
  A centaur warrior (D:11)
  10 dancing weapons
  10 two-headed ogres
  Urug (D:11)
  An ogre mage (Orc:2)
  5 orc high priests
  4 deep elf knights
  A skeletal warrior (D:12)
  2 unseen horrors
  6 deep elf archers
  Pikel (D:6)
  5 orc knights
  24 deep elf magi
  5 orc sorcerers
  Maurice (D:9)
  An ice statue (IceCv)
  A gargoyle (D:11)
  Psyche (D:10)
  6 freezing wraiths
  An anaconda simulacrum (IceCv)
  A golden dragon simulacrum (IceCv)
  7 ice devils (IceCv)
  A wolf spider simulacrum (IceCv)
  A hornet (D:12)
  A blink frog (shapeshifter) (Elf:1)
  4 hippogriffs
  3 redbacks (Lab)
  A shadow (D:11)
  The ghost of TheNamelessOne the Gusty, an amateur TeAE (D:4)
  3 air elementals
  Sigmund (D:3)
  A spriggan (D:7)
  17 yaks (D:12)
  A water elemental (Elf:1)
  3 fire elementals
  Grum (D:11)
  2 hungry ghosts
  5 vampire mosquitoes
  3 wargs
  2 soldier ants (D:10)
  6 harpy simulacra (IceCv)
  4 iron troll simulacra (IceCv)
  4 hydra simulacra (IceCv)
  2 porcupines (D:11)
  A water moccasin (D:6)
  23 orc warriors
  3 sky beasts
  A necrophage (D:10)
  4 ice beasts
  9 ogres
  3 ettin simulacra (IceCv)
  4 wolves (D:11)
  2 centaurs
  2 big kobolds
  7 bullfrogs
  An earth elemental (Elf:1)
  A wyvern zombie (D:11)
  5 scorpions
  6 killer bees (D:11)
  3 spriggan skeletons (Lab)
  A howler monkey (D:10)
  8 crimson imps
  2 centaur zombies
  2 bullfrog zombies
  25 orc priests
  5 centaur skeletons
  3 hounds
  3 jellies
  3 iguanas
  33 orc wizards
  4 troll simulacra (IceCv)
  13 worker ants
  A polar bear simulacrum (IceCv)
  A big kobold zombie (Ossuary)
  A centaur simulacrum (IceCv)
  2 hound zombies
  3 mummies (Ossuary)
  A howler monkey zombie (D:11)
  3 gnolls
  3 ogre simulacra (IceCv)
  28 adders
  3 naga simulacra (IceCv)
  3 shadow imps
  7 white imps (IceCv)
  8 ufetubi (IceCv)
  5 oozes
  An adder skeleton (D:5)
  An adder zombie (D:7)
  3 worms
  4 dart slugs
  11 leopard geckos
  77 orcs
  12 ball pythons
  7 bats
  17 giant cockroaches
  2 gnoll zombies (Ossuary)
  9 goblins
  16 hobgoblins
  A quokka (D:5)
  14 frilled lizards
  A hobgoblin zombie (Ossuary)
  16 kobolds
  A kobold zombie (Ossuary)
  A leopard gecko skeleton (D:5)
  A leopard gecko zombie (D:5)
  2 orc zombies (Ossuary)
  7 rats
619 creatures vanquished.

Vanquished Creatures (others)
  A minotaur (Lab)
  A hound (D:6)
  2 giant cockroaches (D:6)
  13 fungi (D:11)
  8 plants (D:11)
25 creatures vanquished.

Grand Total: 644 creatures vanquished

Notes
Turn   | Place    | Note
-------+----------+-------------------------------------------
     0 | D:1      | Amnesiac the Mummy Earth Elementalist began the quest for the Orb.
     0 | D:1      | Reached XP level 1. HP: 13/13 MP: 4/4
   299 | D:2      | Reached XP level 2. HP: 17/19 MP: 3/5
   311 | D:2      | Learned a level 2 spell: Passwall
   549 | D:3      | Reached skill level 3 in Earth Magic
   560 | D:4      | Reached XP level 3. HP: 23/24 MP: 2/7
   566 | D:4      | Learned a level 3 spell: Stone Arrow
   608 | D:4      | Found a runed door.
   616 | D:4      | Noticed TheNamelessOne's ghost (amateur TeAE)
   625 | D:5      | Entered Level 5 of the Dungeon
   740 | D:4      | Noticed a scorpion
   783 | D:4      | Killed a scorpion
   783 | D:4      | Reached skill level 4 in Earth Magic
   783 | D:4      | Reached XP level 4. HP: 21/30 MP: 0/10
   789 | D:4      | Learned a level 4 spell: Petrify
   914 | D:4      | Reached XP level 5. HP: 35/35 MP: 8/11
  1044 | D:4      | Found an ornate altar of the Wu Jian Council.
  1044 | D:4      | Found a burning altar of Makhleb.
  1350 | D:4      | Reached skill level 1 in Evocations
  1370 | D:4      | Reached XP level 6. HP: 41/41 MP: 4/13
  1563 | D:5      | Reached skill level 5 in Earth Magic
  1590 | D:5      | Reached skill level 5 in Spellcasting
  1626 | D:5      | Learned a level 5 spell: Lee's Rapid Deconstruction
  1653 | D:5      | Got a fine rapier
  1773 | D:5      | Identified the +1 rapier "Trog's Outrage" {flame, *Corrode rElec rPois Str+4} (You found it on level 5 of the Dungeon)
  1999 | D:5      | Noticed an ice beast
  2018 | D:4      | Killed an ice beast
  2018 | D:4      | Reached XP level 7. HP: 27/46 MP: 0/15
  3125 | D:5      | Found a shimmering altar of Xom.
  3583 | D:6      | Reached skill level 6 in Earth Magic
  3737 | D:6      | Noticed Pikel
  3739 | D:6      | Killed Pikel
  3739 | D:6      | Reached XP level 8. HP: 45/52 MP: 16/18
  3756 | D:6      | Reached skill level 7 in Earth Magic
  3919 | D:6      | Found a glowing drain.
  3948 | D:6      | Found a staircase to the Ecumenical Temple.
  3972 | Temple   | Entered the Ecumenical Temple
  4165 | Temple   | Became a worshipper of Vehumet
  4253 | Sewer    | Entered a sewer
  4592 | Sewer    | Reached * piety under Vehumet
  4592 | Sewer    | Offered knowledge of Magic Dart by Vehumet.
  5610 | D:1      | Reached ** piety under Vehumet
  5610 | D:1      | Offered knowledge of Sting by Vehumet.
  6065 | D:2      | Offered knowledge of Ignite Poison by Vehumet.
  6369 | D:3      | Found an iron altar of Okawaru.
  6384 | D:3      | Reached *** piety under Vehumet
  6550 | D:3      | Noticed Sigmund
  6565 | D:3      | Killed Sigmund
  6565 | D:3      | Reached XP level 9. HP: 42/57 MP: 1/20
  6906 | D:4      | Killed TheNamelessOne's ghost
  6906 | D:4      | Reached skill level 8 in Earth Magic
  7072 | D:7      | Found a sand-covered staircase.
  7270 | D:7      | Offered knowledge of Sticky Flame by Vehumet.
  7510 | Ossuary  | Entered an ossuary
  7989 | D:7      | Reached **** piety under Vehumet
  8243 | D:8      | Reached skill level 9 in Earth Magic
  8424 | D:8      | Noticed a two-headed ogre
  8481 | D:8      | Killed a two-headed ogre
  8481 | D:8      | Reached skill level 1 in Shields
  8601 | D:8      | Reached XP level 10. HP: 63/63 MP: 9/23
  8809 | D:8      | Offered knowledge of Venom Bolt by Vehumet.
  9573 | D:9      | Noticed Maurice
  9578 | D:9      | Killed Maurice
  9601 | D:8      | Reached skill level 10 in Earth Magic
  9719 | D:8      | Learned a level 2 spell: Sticks to Snakes
  9765 | D:9      | Reached skill level 10 in Spellcasting
 10263 | D:9      | Found Mylan's Antique Armour Boutique.
 10615 | D:10     | Entered Level 10 of the Dungeon
 11002 | D:10     | Noticed Psyche
 11005 | D:10     | Killed Psyche
 11186 | D:9      | Bought an embroidered robe for 114 gold pieces
 11240 | D:10     | Found a sacrificial altar of Ru.
 11472 | D:10     | Killed an unseen horror
 11793 | D:11     | Noticed a red ugly thing
 11895 | D:11     | Noticed a centaur warrior
 11912 | D:11     | Reached XP level 11. HP: 68/68 MP: 15/25
 12014 | D:11     | Killed a centaur warrior
 12014 | D:11     | Reached skill level 11 in Earth Magic
 12173 | D:11     | Found a stormy altar of Qazlal.
 12231 | D:11     | Noticed a two-headed ogre
 12234 | D:11     | Killed a two-headed ogre
 12254 | D:11     | Noticed Urug
 12260 | D:11     | Noticed Grum
 12344 | D:11     | Killed Grum
 12462 | D:11     | Reached ***** piety under Vehumet
 12617 | D:11     | Killed Urug
 12749 | D:11     | Killed an unseen horror
 12978 | D:11     | Offered knowledge of Force Lance by Vehumet.
 13061 | D:11     | Learned a level 3 spell: Conjure Flame
 13086 | D:11     | Noticed a two-headed ogre
 13088 | D:11     | Killed a two-headed ogre
 13088 | D:11     | Reached skill level 12 in Earth Magic
 13153 | D:11     | Found a staircase to the Lair.
 13790 | Lair:1   | Entered Level 1 of the Lair of Beasts
 13885 | D:12     | Noticed Erolcha
 13888 | D:12     | Killed Erolcha
 14021 | D:12     | Reached XP level 12. HP: 62/74 MP: 12/28
 14026 | D:12     | Noticed a two-headed ogre
 14047 | D:12     | Killed a two-headed ogre
 14243 | D:12     | Found a staircase to the Orcish Mines.
 14278 | D:12     | Found a labyrinth entrance.
 14283 | Lab      | Entered a labyrinth
 14472 | Lab      | Noticed a minotaur
 14760 | Lab      | Killed a minotaur
 14760 | Lab      | Reached skill level 13 in Earth Magic
 14774 | Lab      | Found the +2 ratskin cloak {+Rats rPois rN+ Str-1 Int-1 Dex+1}
 14774 | Lab      | Got a translucent hand axe
 14774 | Lab      | Got a transparent leather armour
 14805 | Lab      | Identified the cursed +1 leather armour of the Journeyman {rElec MR+ Int+8 Stlth-} (You found it in a labyrinth)
 14805 | Lab      | Identified the +7 hand axe of Makhleb's Delight {protect, rC+ Int+6} (You found it in a labyrinth)
 15174 | D:12     | Offered knowledge of Iron Shot by Vehumet.
 15182 | D:12     | Learned a level 6 spell: Iron Shot
 15285 | D:12     | Found a runed gate.
 15286 | D:12     | Found a runed gate.
 15287 | D:12     | Found a runed gate.
 15288 | D:12     | Noticed lurker's ghost (journeyman GnFi)
 15382 | D:12     | Reached skill level 1 in Transmutations
 15395 | D:12     | Killed lurker's ghost
 15395 | D:12     | Reached skill level 1 in Fighting
 15395 | D:12     | Reached skill level 1 in Conjurations
 15415 | D:12     | Got a smoking halberd
 15418 | D:12     | Identified the +4 halberd "Vossok" {antimagic, rPois rC- Str+6 Dex+3} (You found it on level 12 of the Dungeon)
 15550 | Orc:1    | Entered Level 1 of the Orcish Mines
 15570 | Orc:1    | Noticed Harold
 15580 | Orc:1    | Killed Harold
 15711 | Orc:1    | Found a roughly hewn altar of Beogh.
 16525 | Orc:2    | Entered Level 2 of the Orcish Mines
 16617 | Orc:2    | Found a staircase to the Elven Halls.
 16825 | Orc:2    | Found a roughly hewn altar of Beogh.
 17055 | Orc:2    | Noticed an orc high priest
 17058 | Orc:2    | Killed an orc high priest
 17278 | Orc:2    | Noticed Rupert
 17823 | Orc:2    | Offered knowledge of Bolt of Fire by Vehumet.
 17978 | Orc:2    | Noticed an orc high priest
 17983 | Orc:2    | Killed an orc high priest
 17983 | Orc:2    | Gained mutation: You are in touch with the powers of death. [Mummy growth]
 17983 | Orc:2    | Reached XP level 13. HP: 75/85 MP: 12/30
 18277 | Orc:2    | Found Kumourr's Weapon Shop.
 18277 | Orc:2    | Found Aheuguw's Magic Scroll Emporium.
 18279 | Orc:2    | Found Zethedar's Magic Scroll Shop.
 18279 | Orc:2    | Found Lojemoant's Jewellery Emporium.
 18297 | Orc:2    | Bought a scroll of acquirement for 728 gold pieces
 18297 | Orc:2    | Bought a scroll of enchant armour for 105 gold pieces
 18297 | Orc:2    | Bought a scroll of enchant armour for 105 gold pieces
 18297 | Orc:2    | Bought a scroll of blinking for 105 gold pieces
 18323 | Orc:2    | Found a bloodstained altar of Trog.
 18396 | Orc:2    | Reached skill level 14 in Earth Magic
 19030 | Orc:2    | Bought the ring of the Philosopher {rF+ Slay+2 Stlth-} for 448 gold pieces
 19111 | Elf:1    | Entered Level 1 of the Elven Halls
 19116 | Elf:1    | Noticed a deep elf demonologist
 19120 | Elf:1    | Killed a deep elf demonologist
 19288 | Orc:2    | Killed Rupert
 19815 | Elf:1    | Reached XP level 14. HP: 93/95 MP: 25/32
 20433 | Elf:1    | Reached skill level 15 in Earth Magic
 20482 | Elf:1    | Noticed Roxanne
 20490 | Elf:1    | Killed Roxanne
 20607 | Elf:1    | Learned a level 9 spell: Shatter
 20820 | Elf:1    | Reached skill level 15 in Spellcasting
 20951 | Elf:1    | Offered knowledge of Yara's Violent Unravelling by Vehumet.
 20959 | Elf:1    | Learned a level 5 spell: Yara's Violent Unravelling
 23005 | Elf:2    | Found a frozen archway.
 23083 | IceCv    | Entered an ice cave
 23980 | IceCv    | Offered knowledge of Spellforged Servitor by Vehumet.
 24030 | IceCv    | Noticed an Ice Fiend
 24034 | IceCv    | Reached skill level 16 in Earth Magic
 24042 | IceCv    | Killed an Ice Fiend
 24192 | IceCv    | Got a pair of faintly glowing boots
 24198 | IceCv    | Identified the +2 pair of boots of the Tuna {rN+} (You found it in an ice cave)
 24532 | Elf:2    | HP: 3/95 [scimitar of holy wrath (2)]
 24533 | Elf:2    | Slain by a scimitar of slicing

Vault maps used:
D:1:      minmay_arrival_three_doors, kennysheep_doodads,
          hangedman_feature_mirror
D:3:      okawaru_ov_weapons_minmay, hangedman_decor_push, st_stairs_8,
          serial_bayou_crossing, uniq_sigmund
D:4:      amethyst_overflow_temple_binary, ebering_ghost_sewer_d, first_ration
D:5:      tgw_xom
D:6:      temple_fountains, gup_sewer_entry_glass, corexii_corridor_pit,
          st_stairs_1, uniq_pikel
D:7:      chequers_ossuary_entry_cave, minmay_misc_feat_more_columns,
          the_bakery, minmay_misc_feat_chi
D:8:      minmay_statues_item, amethyst_killhole
D:9:      serial_shops, shop, uniq_maurice
D:10:     hangedman_ru_absence, uniq_psyche
D:11:     minmay_bloctagon_deflated, grunt_lair_entry_orc_guard_hut,
          grunt_ministairs_1, minmay_tree_intersection,
          nicolae_qazlal_general_emergency, uniq_urug, uniq_grum, uniq_sonja
D:12:     orc_0_dummy, lab_entry_generic, gammafunk_ghost_split, nrook_uturn,
          hangedman_decor_diamond_cutter, uniq_erolcha
Temple:   dpeg_five_rooms_temple
Lair:1:   beast_lair_carwin_9, grunt_megastairs_3, lemuel_fruit_tree
Orc:1:    basic_altar, uniq_harold
Orc:2:    grunt_orc_tribal_feast, special_room, basic_altar, bloody_trog,
          uniq_rupert
Elf:1:    minmay_elf_arrival_summoners, evilmike_minifort, corner_web_ring,
          uniq_roxanne
Elf:2:    basic_altar, portal_ice_cave_entry_frozen_things, minmay_shop_grove
Lab:      labyrinth_watery, nicolae_lab_statue, nicolae_lab_big_swirl,
          nicolae_lab_lava, nicolae_lab_stuck, nicolae_lab_t_cross,
          nicolae_lab_swirl, nicolae_lab_grate, nicolae_lab_do_over,
          labyrinth_glass_1, nicolae_lab_blocks, nicolae_lab_arrow,
          labyrinth_skeletal_remains
Sewer:    sewer_frog_island_02
Ossuary:  ossuary_crypta
IceCv:    ice_cave_caverns_01

Skill      XL: |  1  2  3  4  5  6  7  8  9 10 11 12 13 14 |
---------------+-------------------------------------------+-----
Spellcasting   | 3 4 5 6 7 9 10 12 13 14 15 | 15.9
Earth Magic    | 3 4 5 6 7 9 10 12 13 14 16 | 16.1
Evocations     | 1 2 3 4 |  4.0
Shields        | 2 4 |  4.0
Transmutations | 2 4 |  4.2
Fighting       | 2 4 |  4.0
Dodging        | 3 4 |  4.0
Conjurations   | 2 4 |  4.1
Stealth        | |  1.5

Action                   |  1- 3 |  4- 6 |  7- 9 | 10-12 | 13-15 || total
-------------------------+-------+-------+-------+-------+-------++-------
Melee: Mace              |    12 |    20 |       |       |       ||    32
       Unarmed           |     1 |       |       |       |       ||     1
       Dagger            |       |     2 |   298 |   155 |       ||   455
       Hand axe          |       |       |       |    45 |       ||    45
       Staff             |       |       |       |       |    10 ||    10
 Cast: Sandblast         |    31 |    51 |     1 |    60 |     1 ||   144
       Stone Arrow       |     1 |     5 |   180 |    33 |     1 ||   220
       Passwall          |       |       |     3 |    19 |     1 ||    23
       Lee's Rapid Decon |       |       |    16 |   207 |   125 ||   348
       Petrify           |       |       |       |    43 |     3 ||    46
       Iron Shot         |       |       |       |     7 |    57 ||    64
       Shatter           |       |       |       |       |     2 ||     2
       Yara's Violent Un |       |       |       |       |     1 ||     1
Evoke: Wand              |       |       |    11 |    21 |     7 ||    39
       Lamp of fire      |       |       |       |     1 |     1 ||     2
  Use: Scroll            |     1 |     3 |    10 |    12 |     5 ||    31
 Stab: Sleeping          |       |       |     1 |     2 |       ||     3
       Petrified         |       |       |       |    26 |       ||    26
       Petrifying        |       |       |       |     1 |       ||     1
Armor: Robe              |     5 |    13 |   129 |    58 |       ||   205
       Leather armour    |       |       |       |    17 |    20 ||    37
Dodge: Dodged            |    13 |    26 |   299 |   109 |    17 ||   464
Block: Other             |       |       |       |     2 |       ||     2
       Buckler           |       |       |       |    70 |    11 ||    81
       Reflection        |       |       |       |    10 |       ||    10

Table legend:
 A = Spawn XP
 B = Non-spawn XP
 C = Spawn XP percentage of total XP
 D = Spawn monster count
 E = Non-spawn monster count
 F = Spawn count percentage of total count
 G = Total turns spent on level
                    A         B        C        D         E        F      G
               +---------+---------+-------+---------+---------+-------+---------
         Total |       0 |  100691 |   0.0 |       0 |     621 |   0.0 | 24533
               +---------+---------+-------+---------+---------+-------+---------
           D:1 |       0 |      65 |   0.0 |       0 |      36 |   0.0 |   520
           D:2 |       0 |      76 |   0.0 |       0 |      23 |   0.0 |   810
           D:3 |       0 |     297 |   0.0 |       0 |      17 |   0.0 |   606
           D:4 |       0 |     796 |   0.0 |       0 |      22 |   0.0 |  1086
           D:5 |       0 |     579 |   0.0 |       0 |      28 |   0.0 |  1989
           D:6 |       0 |    1076 |   0.0 |       0 |       8 |   0.0 |   755
           D:7 |       0 |     914 |   0.0 |       0 |      19 |   0.0 |   938
           D:8 |       0 |    2766 |   0.0 |       0 |      38 |   0.0 |  1755
           D:9 |       0 |    1616 |   0.0 |       0 |      14 |   0.0 |   810
          D:10 |       0 |    2393 |   0.0 |       0 |      23 |   0.0 |  1305
          D:11 |       0 |    7561 |   0.0 |       0 |      41 |   0.0 |  1768
          D:12 |       0 |    9606 |   0.0 |       0 |      49 |   0.0 |  1146
         Orc:1 |       0 |    3439 |   0.0 |       0 |      38 |   0.0 |  1180
         Orc:2 |       0 |   19100 |   0.0 |       0 |      76 |   0.0 |  2622
         Elf:1 |       0 |   31299 |   0.0 |       0 |      49 |   0.0 |  3443
         Elf:2 |       0 |    6045 |   0.0 |       0 |      11 |   0.0 |   404
           Lab |       0 |    1935 |   0.0 |       0 |      10 |   0.0 |   585
         Sewer |       0 |     240 |   0.0 |       0 |      49 |   0.0 |   951
       Ossuary |       0 |     139 |   0.0 |       0 |      11 |   0.0 |   267
         IceCv |       0 |   10749 |   0.0 |       0 |      59 |   0.0 |  1334
               +---------+---------+-------+---------+---------+-------+---------
